 Dungeon Crawl Stone Soup version 0.27-a0-789-g6bb3289e1e (webtiles) character file.

Game seed: 3894317293994421666

381 tilp the Magician (level 6, 0/43 HPs)
             Began as a Djinni Venom Mage on Mar 26, 2021.
             Was a Follower of Makhleb.
             Slain by a sky beast (6 damage)
             ... on level 6 of the Dungeon.
             The game lasted 00:09:59 (5624 turns).

tilp the Magician (Djinni Venom Mage)               Turns: 5624, Time: 00:10:00

Health: 0/43       AC:  3    Str:  7    XL:     6   Next: 75%
Gold:   188        EV: 12    Int: 18    God:    Makhleb [*.....] SH:  0 Dex: 14

rFire    + + .     SeeInvis .   a - +0 dagger (vamp)
rCold    x . .     Faith    .   (no shield)
rNeg     . . .     Spirit   .   h - +0 robe
rPois    ∞         Reflect  .   (no helmet)
rElec    .         Harm     .   l - +0 cloak
rCorr    .         Rampage  .   (no gloves)
Will     +....                  (boots unavailable)
Stlth    ++........             (no amulet)
HPRegen  0.14/turn              g - ring of willpower
MPRegen  0.00/turn              (no ring)

@: flying
A: fire resistance 2, cold vulnerability 1, float, innate caster, hp casting,
extra vitality 1
a: Renounce Religion


You were on level 6 of the Dungeon.
You worshipped Makhleb.
Makhleb was aware of your devotion.
You visited 1 branch of the dungeon, and saw 5 of its levels.

You collected 188 gold pieces.

Inventory:

Hand Weapons
 a - a +0 vampiric dagger (weapon)
Missiles
 b - 137 stones (quivered)
Armour
 h - a +0 robe (worn)
 l - a +0 cloak (worn)
 s - +0 pearl dragon scales
Jewellery
 e - a ring of fire
 g - a ring of willpower (right hand)
Scrolls
 c - a scroll of teleportation {unknown}
 i - a scroll of fear {unknown}
 k - a scroll of torment {unknown}
 m - a scroll of immolation
 n - a scroll of blinking {unknown}
 q - a scroll of identify
Potions
 d - 3 potions of haste
 j - 3 potions of heal wounds
 o - 2 potions of curing
 p - a potion of might {unknown}
 r - a potion of mutation {unknown}


   Skills:
 - Level 2.0 Fighting
 - Level 2.1 Dodging
 - Level 2.0 Stealth
 * Level 5.8 Spellcasting


You couldn't memorise any spells.
You knew the following spells:

 Your Spells              Type           Power      Damage    Failure   Level
a - Sting                 Tmut/Pois      100%       1d8       1%          1
b - Poisonous Vapours     Pois/Air       52%        N/A       1%          2
c - Mephitic Cloud        Conj/Pois/Air  26%        N/A       3%          3
d - Ignite Poison         Fire/Tmut/Pois 26%        N/A       3%          3
e - Olgreb's Toxic Radia  Pois           26%        N/A       11%         4
f - Apportation           Tloc           52%        N/A       1%          1
g - Swiftness             Air            26%        N/A       1%          2
Your spell library was empty.

Dungeon Overview and Level Annotations

Branches:
Dungeon (6/15)             Temple (0/1) D:6

Altars:
Ashenzari
Kikubaaqudgha
Makhleb
Nemelex Xobeh
Ru


Innate Abilities, Weirdness & Mutations

You are immune to poison.
Your flesh is very heat resistant. (rF++)
You are vulnerable to cold. (rC-)
You float through the air rather than walking.
You learn spells naturally, not from books.
Your magical power is your life essence.
You have superior vitality. (+4 HP)


Message History

Unknown command.
You hit the sky beast.
You feel better.
The sky beast is severely wounded.
The sky beast misses you.
You hit the sky beast.
You feel better.
The sky beast is severely wounded.
The sky beast hits you but does no damage.
You hit the sky beast but do no damage.
The sky beast is severely wounded.
The sky beast misses you.
You hit the sky beast but do no damage.
The sky beast is severely wounded.
The sky beast hits you. The sky beast shocks you.
* * * LOW HITPOINT WARNING * * *
You miss the sky beast.
The sky beast is severely wounded.
The sky beast hits you but does no damage.
You hit the sky beast.
You feel better.
The sky beast is severely wounded.
The sky beast closely misses you.
You hit the sky beast.
The sky beast is severely wounded.
The sky beast flickers out of sight!
Deactivating autopickup; reactivate with Ctrl-A.
Something hits you.
* * * LOW HITPOINT WARNING * * *
Something shocks you.
* * * LOW HITPOINT WARNING * * *
Casting: Poisonous Vapours (safe; 1% risk of failure)
Confirm with . or Enter, or press ? or * to list all spells.
Aiming: Mephitic Cloud (dangerous; 3% risk of failure)
Press: ? - help, Shift-Dir - straight line The ball explodes into a vile cloud!
The stinking cloud engulfs something but does no damage.
The stinking cloud engulfs you but does no damage.
* * * LOW HITPOINT WARNING * * *
Something hits you.
* * * LOW HITPOINT WARNING * * *
Something shocks you.
You die...

,,* *,** **,* *,,,,,,* *,* ,,*
**,***,** ##+##**** *,* ,,*
#,,*,** ##...## *,** *,* #.*,**
##.....## *,,, *,* #..**
##.......## *,,,
,,******##...####.........#***,,,
,,,,,,,,......☼§......).))+,,,,,,
*,*****,8...8.○☼8.........#***,,,
*,* *,..#...#§@.....)..## **,*
*,* **,*##.*##.......)## *,* *,*
*,,,#(,,#...##...## *,, *,*
*,8..,8...8.###+## *** *,*
**,..*,..#...# *,* ,,*
*,,.***.###.## *,* ***
*,,,,*..,*...***,*****
*,,8,..8,,.8.*,,,,,,,*
*,,,,*,,,,,,,*,,,,,,,*


There were no monsters in sight!

Vanquished Creatures
  A hound (D:4)
  2 orc priests
  A bullfrog skeleton (D:4)
  Jessica (D:2)
  2 orc wizards (D:6)
  9 adders
  3 worms
  2 dart slugs (D:1)
  14 orcs
  6 ball pythons
  7 bats
  6 endoplasms
  2 giant cockroaches
  7 goblins
  4 hobgoblins
  6 jackals (D:2)
  5 kobolds
  4 quokkas
  A frilled lizard (D:1)
  5 rats
88 creatures vanquished.

Notes
Turn   | Place    | Note
-------+----------+-------------------------------------------
     0 | D:1      | tilp the Djinni Venom Mage began the quest for the Orb.
     0 | D:1      | Reached XP level 1. HP: 15/15 MP: 0/0
   288 | D:1      | Reached skill level 3 in Spellcasting
   422 | D:1      | Reached XP level 2. HP: 18/21 MP: 0/0
  1394 | D:2      | Reached XP level 3. HP: 18/25 MP: 0/0
  1394 | D:2      | Learned a level 1 spell: Apportation
  1564 | D:2      | Found a sacrificial altar of Ru.
  1755 | D:2      | Noticed Jessica
  1758 | D:2      | Killed Jessica
  1759 | D:2      | Reached skill level 4 in Spellcasting
  1759 | D:2      | Reached XP level 4. HP: 24/31 MP: 0/0
  2078 | D:2      | Found a broken altar of Ashenzari.
  2434 | D:2      | Reached skill level 1 in Fighting
  2571 | D:2      | Reached XP level 5. HP: 22/37 MP: 0/0
  2571 | D:2      | Learned a level 2 spell: Swiftness
  3021 | D:2      | Found a sparkling altar of Nemelex Xobeh.
  3959 | D:3      | Found a burning altar of Makhleb.
  3967 | D:3      | Became a worshipper of Makhleb the Destroyer
  4306 | D:4      | Reached skill level 5 in Spellcasting
  4306 | D:4      | Reached XP level 6. HP: 32/43 MP: 0/0
  5599 | D:4      | You are sucked into a shaft and drop 2 floors!
  5601 | D:6      | Reached * piety under Makhleb
  5609 | D:6      | Noticed a sky beast
  5624 | D:6      | Slain by a sky beast

Illustrated notes

Levels and vault maps discovered:
D:1:      lemuel_arrival_tunnels, layout_basic
D:2:      kennysheep_big_flooded_room, layout_loops_ring,
          nicolae_ru_awakened_eye, general_overflow_altar, lemuel_doored_altar,
          minmay_vboxes, uniq_jessica
D:3:      layout_rooms, lemuel_coloured_pillars_altar
D:4:      layout_gridville, kiku_gazebo_pond_becter,
          nicolae_gozag_cash_rules_everything_around_me
D:6:      layout_loops_corners, temple_pool_b, enter_ossuary_5,
          gammafunk_ghost_icy, minmay_misc_feat_four_crosses,
          nicolae_qazlal_general_emergency

Skill      XL: |  1  2  3  4  5 |
---------------+----------------+-----
Spellcasting   | 3 4 5 |  5.8
Stealth        | 2 |  2.0
Fighting       | 1 2 |  2.0
Dodging        | |  2.1

Action                   |  1- 3 |  4- 6 || total
-------------------------+-------+-------++-------
Melee: Dagger            |     1 |    34 ||    35
 Cast: Sting             |    16 |    13 ||    29
       Poisonous Vapours |    26 |    97 ||   123
       Olgreb's Toxic Ra |       |     3 ||     3
       Ignite Poison     |       |     5 ||     5
       Mephitic Cloud    |       |     2 ||     2
  Use: Scroll            |       |     7 ||     7
 Stab: Sleeping          |       |     1 ||     1
Armor: Robe              |     3 |     7 ||    10
Dodge: Dodged            |     6 |    18 ||    24

Table legend: (Time is in decaauts)
 A = Elapsed time spent in this place.
 B = Non-inter-level travel time spent in this place.
 C = Inter-level travel time spent in this place.
 D = Time resting spent in this place.
 E = Time spent auto-exploring this place.
 F = Levels seen in this place.
 G = Mean time per level.
                   A        B        C        D        E       F      G
               +--------+--------+--------+--------+--------+-----+--------+
         Total |   5622 |   5519 |    103 |   1644 |   3365 |   5 | 1124.4 |
       Dungeon |   5622 |   5519 |    103 |   1644 |   3365 |   5 | 1124.4 |
               +--------+--------+--------+--------+--------+-----+--------+

Top non-repeatable levels by time:
     D:2: 1775 daAuts
     D:1: 1351 daAuts
     D:3: 1277 daAuts
     D:4: 1194 daAuts
     D:6: 24 daAuts
